 Dungeon Crawl Stone Soup version 0.30-a0-778-g2ef04afb54 (webtiles) character file.

Game seed: 10152423808990851694

9554 Pimp the Cleaver (level 11, -5/84 HPs)
             Began as a Demonspawn Fighter on Feb 16, 2023.
             Was a Believer of Okawaru.
             Asphyxiated
             ... on level 10 of the Dungeon.
             The game lasted 00:17:41 (7685 turns).

Pimp the Cleaver (Demonspawn Fighter)               Turns: 7685, Time: 00:17:42

Health: -5/84      AC:  7    Str: 20    XL:     11   Next: 24%
Magic:  11/11      EV: 12    Int:  9    God:    Okawaru [**....]
Gold:   824        SH:  9    Dex: 14    Spells: 10/10 levels left

rFire   . . .      SeeInvis .    f - +6 broad axe (freeze)
rCold   . . .      Faith    .    C - +0 kite shield
rNeg    . . .      Spirit   .    J - +1 steam dragon scales
rPois   .          Reflect  .    (no helmet)
rElec   .          Harm     .    (cloak unavailable)
rCorr   .          Rampage  .    (no gloves)
Will    .....                    (no boots)
Stlth   ++                       g - amulet of regeneration
HPRegen 1.14/turn                (no ring)
MPRegen 0.12/turn                (no ring)

@: lethally poisoned (-5 -> -6)
A: claws 1, (demonic guardian 2), spiny 1, weakness stinger 3
a: Renounce Religion, Heroism


You were on level 10 of the Dungeon.
You worshipped Okawaru.
Okawaru was pleased with you.
You visited 2 branches of the dungeon, and saw 11 of its levels.
You also visited: Sewer.

You collected 824 gold pieces.

Inventory:

Hand Weapons
 a - a +0 war axe
 f - a +6 broad axe of freezing (weapon)
Missiles
 c - 13 poisoned darts (quivered)
Armour
 b - a +1 scale mail
 C - a +0 kite shield (worn)
 E - a +0 cloak
 J - +1 steam dragon scales (worn)
Jewellery
 g - an amulet of regeneration (around neck)
 n - an amulet of faith
 G - a +5 ring of evasion
 K - a ring of wizardry
Wands
 q - a wand of quicksilver (15)
 w - a wand of mindburst (17)
 x - a wand of polymorph (3)
 A - a wand of flame (8)
 B - a wand of paralysis (3)
 L - a wand of digging (2)
Scrolls
 d - 2 scrolls of fear
 h - a scroll of magic mapping
 i - 3 scrolls of teleportation
 p - 5 scrolls of immolation
 s - a scroll of fog
 y - 2 scrolls of torment {unknown}
 D - a scroll of noise
 H - a scroll of amnesia {unknown}
 I - a scroll of silence {unknown}
 M - 2 scrolls of identify
Potions
 e - 5 potions of ambrosia
 j - 3 potions of flight
 k - a potion of magic {unknown}
 l - 3 potions of curing
 m - 4 potions of attraction
 o - a potion of lignification {unknown}
 r - 2 potions of resistance {unknown}
 t - a potion of brilliance
 u - 2 potions of degeneration {unknown}
 v - a potion of haste {unknown}
 z - a potion of invisibility {unknown}
 F - a potion of mutation {unknown}


   Skills:
 + Level 7.5 Fighting
 + Level 11.3 Axes
 + Level 0.5 Throwing
 + Level 7.6 Armour
 + Level 4.0 Dodging
 + Level 2.1 Stealth
 + Level 5.7 Shields


You had 10 spell levels left.
You didn't know any spells.
Your spell library contained the following spells:

 Spells                   Type           Power      Damage    Failure   Level
 Beastly Appendage        Tmut           0%         N/A       73%         1
 Cigotuvi's Dreadful Rot  Necr/Pois/Air  0%         N/A       86%         2
 Poisonous Vapours        Pois/Air       0%         N/A       86%         2
 Wereblood                Tmut           0%         N/A       86%         2
 Mephitic Cloud           Conj/Pois/Air  0%         N/A       97%         3
 Ozocubu's Armour         Ice            0%         N/A       97%         3
 Spider Form              Tmut/Pois      0%         N/A       97%         3
 Metabolic Englaciation   Hex/Ice        0%         N/A       100%        5
 Simulacrum               Ice/Necr       Unusable   N/A       N/A         6

Dungeon Overview and Level Annotations

Branches:
Dungeon (10/15)            Temple (1/1) D:4            Lair (0/5) D:10
  Sewer (visited)
    Orc: D:9-12

Altars:
Ashenzari
Cheibriados
Dithmenos
Fedhas
Gozag
Hepliaklqana
Kikubaaqudgha
Makhleb
Nemelex Xobeh
Okawaru
Qazlal
Ru
Sif Muna
Trog
Uskayaw
Vehumet
Wu Jian
Xom
Yredelemnul

Annotations:
D:4 1 runed translucent door, Beavis's ghost, amateur DsHu
D:10 Sonja


Innate Abilities, Weirdness & Mutations

You have sharp fingernails.
((A demonic guardian rushes to your aid.))
You are partially covered in sharp spines.
You have a sharp stinger which inflicts weakening toxins.


Message History

The centaur kicks you. The centaur misses you.
The centaur kicks you but does no damage.
You block the centaur's attack.
The centaur kicks you but does no damage.
You block the centaur's attack. The centaur barely misses you.
The two-headed ogre hits you with a +0 giant club!!
The two-headed ogre closely misses you.
You slice the centaur!! You freeze the centaur.
You kill the centaur!
Okawaru accepts your kill.
You slash the two-headed ogre! You freeze the two-headed ogre.
You slash the centaur! You freeze the centaur.
You kill the centaur!
Okawaru accepts your kill.
The two-headed ogre hits you with a +0 giant club!!
You block the two-headed ogre's attack. You block the orc wizard's attack.
You slash the two-headed ogre! You freeze the two-headed ogre.
The two-headed ogre is severely wounded.
You closely miss the orc wizard. You slash the killer bee!
You freeze the killer bee.
You kill the killer bee!
Okawaru accepts your kill. You block the orc wizard's attack.
You hit the orc wizard. You freeze the orc wizard.
You tail-slap the orc wizard, but do no damage.
The orc wizard is heavily wounded.
You hit the two-headed ogre. You freeze the two-headed ogre.
The two-headed ogre hits you with a +0 giant club!!
* * * LOW HITPOINT WARNING * * *
The two-headed ogre barely misses you.
The orc wizard hits you but does no damage.
Okay, then.
You feel better. The orc wizard closely misses you.
You block the two-headed ogre's attack.
The two-headed ogre hits you with a +0 giant club!
* * * LOW HITPOINT WARNING * * *
Sonja throws a curare-tipped dart.
The curare-tipped dart hits you.
You are poisoned.
You have difficulty breathing.
You die...

#.##....#.#
#.##......#
#.##....#
#######.......#
#
##.............#
#.###
.#.########....#
.#..# ..P###
#....##./.
P....# #..K..#O#
.....# ###..#@o#
.P...# #..##)..#
.PP.... ....#
#.## P.P...##
#...K. ...
...P..# #.#.#.
... ..P..## #.#.
. #### .....# #
#. ....


You could see a two-headed ogre, Sonja and an orc wizard.

Vanquished Creatures
  A two-headed ogre (D:9)
  A troll (D:9)
  A queen bee (D:9)
  Sigmund (D:5)
  A shadow (D:9)
  6 yaks
  Eustachio (D:4)
  4 steam dragons
  Edmund (D:5)
  2 acid dragons (D:9)
  2 water moccasins (D:6)
  An ice beast (D:6)
  2 black bears
  An orc warrior (D:10)
  A sky beast (D:6)
  3 centaurs
  A phantom (D:4)
  3 kobold brigands
  Blork the orc (D:5)
  3 bullfrogs
  6 necrophages
  4 scorpions
  6 wights
  24 killer bees
  3 howler monkeys
  3 jellies
  2 hounds
  4 orc priests
  3 iguanas
  Natasha (thrice) (D:3)
  Ijyb (D:5)
  5 orc wizards
  19 adders
  4 river rats (Sewer)
  2 shadow imps
  2 white imps
  An ufetubus (D:6)
  2 worms (D:2)
  3 dart slugs
  18 orcs
  3 bats
  7 endoplasms
  4 giant cockroaches
  11 goblins
  5 hobgoblins
  28 kobolds
  10 quokkas
  17 ball pythons
  4 frilled lizards
  22 rats
  A spectral orc (D:6)
264 creatures vanquished.

Vanquished Creatures (collateral kills)
  A two-headed ogre (D:9)
  7 yaks
  A steam dragon (D:8)
  An orc warrior (D:6)
  2 bullfrogs (D:8)
  An orc priest (D:8)
  A hobgoblin (D:5)
14 creatures vanquished.

Vanquished Creatures (others)
  6 fungi (D:10)
  16 plants
  7 withered plants (D:1)
29 creatures vanquished.

Grand Total: 307 creatures vanquished

Notes
Turn   | Place    | Note
-------+----------+-------------------------------------------
     0 | D:1      | Pimp the Demonspawn Fighter began the quest for the Orb.
     0 | D:1      | Reached XP level 1. HP: 18/18 MP: 1/1
   181 | D:1      | Found a faded altar of an unknown god.
   253 | D:1      | Discovered your monstrous ancestry.
   253 | D:1      | Gained mutation: You have a small tail. [demonic ancestry]
   253 | D:1      | Reached XP level 2. HP: 24/24 MP: 2/2
   527 | D:1      | Reached skill level 2 in Axes
  1142 | D:2      | Reached XP level 3. HP: 29/29 MP: 3/3
  1187 | D:2      | Found Unynamy's General Store.
  1575 | D:3      | Noticed Natasha
  1597 | D:3      | Killed Natasha
  1598 | D:3      | Reached skill level 3 in Axes
  1598 | D:3      | Gained mutation: You are partially covered in sharp spines.
                  | [demonic ancestry]
  1598 | D:3      | Reached XP level 4. HP: 10/35 MP: 4/4
  1636 | D:3      | Noticed Natasha
  1642 | D:3      | Killed Natasha
  1645 | D:3      | Found a glowing drain.
  1654 | Sewer    | Entered a sewer
  1680 | Sewer    | Gained mutation: You have a tail ending in a sharp stinger.
                  | [demonic ancestry]
  1680 | Sewer    | Reached XP level 5. HP: 14/41 MP: 5/5
  1907 | Sewer    | Reached skill level 4 in Axes
  1907 | Sewer    | Reached skill level 1 in Dodging
  1907 | Sewer    | Gained mutation: You have sharp fingernails. [demonic
                  | ancestry]
  1907 | Sewer    | Reached XP level 6. HP: 18/48 MP: 6/6
  2201 | D:3      | Noticed Natasha
  2216 | D:3      | Killed Natasha
  2293 | D:3      | Gained mutation: A weak demonic guardian rushes to your
                  | aid. [demonic ancestry]
  2293 | D:3      | Reached XP level 7. HP: 54/54 MP: 7/7
  2552 | D:4      | Identified a scroll of acquirement
  2552 | D:4      | Acquired a +5 broad axe of freezing
  2566 | D:4      | Noticed Eustachio
  2573 | D:4      | Killed Eustachio
  2574 | D:4      | Reached skill level 5 in Axes
  2657 | D:4      | Found a staircase to the Ecumenical Temple.
  2667 | Temple   | Entered the Ecumenical Temple
  2909 | D:4      | Found a runed translucent door.
  2912 | D:4      | Noticed Beavis's ghost (amateur DsHu)
  3035 | D:4      | Found a snail-covered altar of Cheibriados.
  3252 | D:5      | Entered Level 5 of the Dungeon
  3320 | D:5      | Reached skill level 6 in Axes
  3328 | D:5      | Gained mutation: A demonic guardian rushes to your aid.
                  | [demonic ancestry]
  3328 | D:5      | Reached XP level 8. HP: 29/61 MP: 8/8
  3329 | D:5      | Reached skill level 5 in Armour
  3395 | D:5      | Noticed Ijyb
  3405 | D:5      | Killed Ijyb
  3557 | D:5      | Found a bloodstained altar of Trog.
  3696 | D:5      | Noticed Blork the orc
  3700 | D:5      | Noticed Sigmund
  3706 | D:5      | Killed Sigmund
  3707 | D:5      | Reached skill level 5 in Fighting
  3707 | D:5      | Reached skill level 7 in Axes
  3707 | D:5      | Killed Blork the orc
  3714 | D:5      | Noticed Edmund
  3716 | D:5      | Killed Edmund
  4248 | D:6      | Reached XP level 9. HP: 49/68 MP: 9/9
  4445 | D:6      | Reached skill level 8 in Axes
  4840 | D:6      | Found a basalt altar of Yredelemnul.
  4857 | D:6      | Reached skill level 9 in Axes
  5468 | D:7      | Gained mutation: You have a sharp stinger which inflicts
                  | weakening toxins. [demonic ancestry]
  5468 | D:7      | Reached XP level 10. HP: 73/76 MP: 10/10
  5655 | D:7      | You fall into a shaft and drop 2 floors!
  5665 | D:9      | Noticed a two-headed ogre
  5687 | D:9      | Killed a two-headed ogre
  5694 | D:9      | Reached skill level 10 in Axes
  6355 | D:8      | Reached skill level 5 in Shields
  6445 | D:8      | Reached skill level 1 in Stealth
  6501 | D:8      | Found a stormy altar of Qazlal.
  6501 | D:8      | Found an iron altar of Okawaru.
  6608 | D:8      | Became a worshipper of Warmaster Okawaru
  6925 | D:9      | Reached skill level 11 in Axes
  7025 | D:9      | Reached XP level 11. HP: 76/84 MP: 11/11
  7028 | D:9      | Reached * piety under Okawaru
  7544 | D:9      | Noticed a two-headed ogre
  7548 | D:9      | Killed a two-headed ogre
  7548 | D:9      | Reached ** piety under Okawaru
  7594 | D:10     | Entered Level 10 of the Dungeon
  7641 | D:10     | Found a staircase to the Lair.
  7675 | D:10     | Noticed Sonja
  7678 | D:10     | Noticed a two-headed ogre
  7684 | D:10     | HP: 4/84 [two-headed ogre/+0 giant club (30)]
  7685 | D:10     | Asphyxiated

Illustrated notes

Levels and vault maps discovered:
D:1:      dpeg_arrival_arbitrary_c, layout_loops_corners,
          shapermc_ecumenical_altar_flowoftime, minmay_split_cup_large
D:2:      layout_rooms, serial_shops, shop, minivault_25,
          corexii_item_surrounded_by_moat
D:3:      layout_loops_ring, portal_sewer_entry_f, uniq_natasha
D:4:      layout_rooms, lemuel_round_altar, minmay_temple_entry_tees,
          ebering_ghost_sewer_d, dk_noncrumbling_2, uniq_eustachio
D:5:      layout_basic, trog_hazing_becter, uniq_edmund, uniq_blork_the_orc,
          uniq_sigmund, uniq_ijyb
D:6:      minmay_polygon_palace, layout_loops_ring,
          yredelemnul_forgotten_temple_becter
D:7:      layout_basic, kennysheep_potato
D:8:      layout_loops_cross, nicolae_overflow_two_pavilions
D:9:      layout_cave_pods, minivault_7
D:10:     minmay_the_grid_square_5x5_4x4 [minmay_the_grid_square_5x5_dogpile,
          minmay_the_grid_square_5x5_seven,
          minmay_the_grid_square_5x5_inverted_slash,
          minmay_the_grid_square_5x5_misaligned,
          minmay_the_grid_square_5x5_eight_small,
          minmay_the_grid_square_5x5_prize_deathbox,
          minmay_the_grid_square_5x5_prize_rear_guard,
          minmay_the_grid_square_5x5_sharp_hourglass,
          minmay_the_grid_square_5x5_minivault,
          minmay_the_grid_square_5x5_prize_gold,
          minmay_the_grid_square_5x5_prize_monsterx,
          minmay_the_grid_square_5x5_three_walls,
          minmay_the_grid_square_5x5_checkered_sparse,
          minmay_the_grid_square_5x5_mess, minmay_the_grid_square_5x5_two,
          minmay_the_grid_square_5x5_fat_x], layout_loops_ring,
          grunt_lair_entry_orc_guard_hut, serial_shops, shop,
          patterned_corridor, uniq_sonja
Temple:   bh_familiar_temple

Skill      XL: |  1  2  3  4  5  6  7  8  9 10 11 |
---------------+----------------------------------+-----
Armour         | 3 4 5 6 7 |  7.6
Axes           | 2 3 4 6 7 9 11 | 11.3
Shields        | 3 4 5 |  5.7
Dodging        | 1 2 3 4 |  4.0
Fighting       | 4 5 6 7 |  7.5
Stealth        | 1 2 |  2.1
Throwing       | |  0.5

Action                     |  1- 3 |  4- 6 |  7- 9 | 10-12 || total
---------------------------+-------+-------+-------+-------++-------
  Melee: War axe           |   147 |   112 |       |       ||   259
         Tailslap          |    20 |     7 |    19 |    14 ||    60
         Broad axe         |       |       |   169 |   129 ||   298
  Throw: Dart              |       |       |       |     3 ||     3
    Use: Potion            |     1 |       |     1 |     6 ||     8
         Scroll            |       |       |    15 |     1 ||    16
   Stab: Distracted        |       |       |       |     1 ||     1
         Sleeping          |       |       |       |     1 ||     1
 Armour: Scale mail        |    55 |    63 |    87 |    11 ||   216
         Steam dragon scal |       |       |       |    34 ||    34
  Dodge: Dodged            |    43 |    62 |    81 |   102 ||   288
  Block: Buckler           |    25 |    35 |    46 |       ||   106
         Kite shield       |       |       |     9 |   102 ||   111

Table legend: (Time is in decaauts)
 A = Elapsed time spent in this place.
 B = Non-inter-level travel time spent in this place.
 C = Inter-level travel time spent in this place.
 D = Time resting spent in this place.
 E = Time spent auto-exploring this place.
 F = Levels seen in this place.
 G = Mean time per level.
                   A        B        C        D        E       F      G
               +--------+--------+--------+--------+--------+-----+--------+
         Total |   7911 |   7650 |    261 |    558 |   5185 |  12 |  659.2 |
       Dungeon |   7356 |   7114 |    242 |    535 |   4840 |  10 |  735.6 |
        Temple |    187 |    168 |     19 |      0 |    161 |   1 |  187.0 |
         Sewer |    367 |    367 |      0 |     23 |    184 |   1 |  367.0 |
               +--------+--------+--------+--------+--------+-----+--------+

Top non-repeatable levels by time:
     D:1: 1144 daAuts
     D:6: 1046 daAuts
     D:5: 1020 daAuts
     D:9: 978 daAuts
     D:8: 799 daAuts
     D:3: 711 daAuts
     D:7: 565 daAuts
     D:4: 542 daAuts
     D:2: 453 daAuts
   Sewer: 367 daAuts
  Temple: 187 daAuts
    D:10: 95 daAuts
